 Dungeon Crawl Stone Soup version 0.26-a0-50-gc4d14cd842 (webtiles) character file.

Game seed: 7786352342857990838

15961 vurker the Thaumaturge (level 12, -3/94 HPs)
             Began as a Mummy Ice Elementalist on June 4, 2020.
             Was an Initiate of Gozag.
             Slain by a crocodile (7 damage)
             ... on level 10 of the Dungeon.
             The game lasted 00:26:56 (15856 turns).

vurker the Thaumaturge (Mummy Ice Elementalist)    Turns: 15856, Time: 00:26:57

Health: -3/94      AC:  8    Str: 12    XL:     12   Next: 5%
Magic:  24/29      EV: 12    Int: 18    God:    Gozag
Gold:   659        SH:  0    Dex: 13    Spells: 25/37 levels left

rFire    . . .     SeeInvis +   k - +0 whip (venom)
rCold    + . .     Gourm    .   (no shield)
rNeg     + + +     Faith    .   y - +0 robe of Sidyi {rPois rF+} (curse)
rPois    ∞         Spirit   .   n - +1 helmet {SInv}
rElec    .         Reflect  .   l - +1 cloak
rCorr    .         Harm     .   d - +0 pair of gloves
MR       +....                  q - +0 pair of boots
Stlth    ++........             e - amulet of regeneration
HPRegen  0.65/turn              s - ring of see invisible
MPRegen  0.21/turn              (no ring)

@: gold aura, frozen ramparts
A: no food or potions, fire vulnerability, cold resistance 1, negative energy
resistance 3, torment resistance, unbreathing
a: Potion Petition, Call Merchant, Bribe Branch, Renounce Religion


You were on level 10 of the Dungeon.
You worshipped Gozag.
Gozag was pleased with you.
You were not hungry.

You visited 3 branches of the dungeon, and saw 14 of its levels.
You also visited: Sewer.

You collected 3204 gold pieces.
You spent 153 gold pieces at shops.
You paid 2392 gold pieces to Gozag.

Inventory:

Hand Weapons
 g - a +0 short sword of draining
   (You took it off a kobold on level 1 of the Dungeon)
 k - a +0 whip of venom (weapon)
   (You took it off a kobold in a sewer)
Armour
 d - a +0 pair of gloves (worn)
   (You found it on level 2 of the Dungeon)
 l - a +1 cloak (worn)
   (You found it on level 4 of the Dungeon)
 n - a +1 helmet of see invisible (worn)
   (You found it on level 7 of the Dungeon)
 q - a +0 pair of boots (worn)
   (You found it on level 7 of the Dungeon)
 y - the cursed +0 robe of Sidyi (worn) {rPois rF+}
   (You bought it in a shop on level 10 of the Dungeon)

   It protects you from fire.
   It protects you from poison.
   It has a curse placed upon it.
Magical Staves
 o - an uncursed staff of conjuration
   (You found it on level 7 of the Dungeon)
Jewellery
 e - an amulet of regeneration (around neck)
   (You found it on level 2 of the Dungeon)
 s - a ring of see invisible (left hand)
   (You found it on level 10 of the Dungeon)
 w - an uncursed amulet of magic regeneration
   (You took it off an orc on level 12 of the Dungeon)
Wands
 t - a wand of flame (50)
   (You found it on level 9 of the Dungeon)
 x - a wand of acid (6)
   (You found it on level 7 of the Dungeon)
Scrolls
 b - 2 scrolls of fog
 c - 3 scrolls of blinking
 f - a scroll of magic mapping
 h - a scroll of enchant armour
 j - 6 scrolls of remove curse
 m - a scroll of enchant weapon
 p - 5 scrolls of identify
 r - 2 scrolls of amnesia
 u - 3 scrolls of teleportation


   Skills:
 + Level 8.8 Fighting
 - Level 1.5 Dodging
 - Level 1.5 Stealth
 + Level 13.4 Spellcasting
 - Level 3.0 Conjurations
 - Level 3.0 Summonings
 * Level 11.0 Ice Magic


You had 25 spell levels left.
You knew the following spells:

 Your Spells              Type           Power        Failure   Level  Hunger
a - Freeze                Ice            ####         1%          1    N/A
b - Frozen Ramparts       Ice            ######       1%          3    N/A
c - Hailstorm             Conj/Ice       #####...     3%          4    N/A
d - Summon Ice Beast      Ice/Summ       #####...     3%          4    N/A

Your spell library contained the following spells:

 Spells                   Type           Power        Failure   Level  Hunger
 Ozocubu's Armour         Chrm/Ice       ####....     1%          3    N/A
 Animate Skeleton         Necr           N/A          5%          1    N/A
 Pain                     Necr           ##..         5%          1    N/A
 Sting                    Tmut/Pois      ##..         5%          1    N/A
 Poisonous Vapours        Pois/Air       ##....       9%          2    N/A
 Mephitic Cloud           Conj/Pois/Air  ###.....     11%         3    N/A
 Ignite Poison            Fire/Tmut/Pois ##......     17%         3    N/A
 Vampiric Draining        Necr           ##........   17%         3    N/A
 Animate Dead             Necr           N/A          50%         4    N/A
 Olgreb's Toxic Radiance  Pois           ##......     50%         4    N/A
 Agony                    Necr           ##......     83%         5    N/A

Dungeon Overview and Level Annotations

Branches:
Dungeon (12/15)            Temple (1/1) D:6            Lair (1/6) D:10
    Orc (0/2) D:9           Sewer (visited)

Altars:
Ashenzari
Cheibriados
Dithmenos
Elyvilon
Fedhas
Gozag
Hepliaklqana
Kikubaaqudgha
Makhleb
Nemelex Xobeh
Okawaru
Qazlal
Ru
Sif Muna
Trog
Uskayaw
Vehumet
Wu Jian
Xom
Yredelemnul
Zin
The Shining One

Shops:
D:6 *   D:9 %   D:10 [::

Annotations:
D:5 2 runed translucent doors, Cleanse's ghost, amateur TrMo
D:12 3 runed translucent doors, Okiesh's ghost, journeyman DrCj


Innate Abilities, Weirdness & Mutations

You do not eat or drink.
Your flesh is vulnerable to fire.
You are immune to poison.
Your flesh is cold resistant. (rC+)
You are immune to negative energy. (rN+++)
You are immune to unholy pain and torment.
You can survive without breathing.


Message History

There is a staircase to the Lair here.
Unknown command.
Unknown command.
Unknown command.
Unknown command.
Unknown command.
Unknown command.
Unknown command.
Unknown command.
The walls around you are covered in ice.
The wall freezes the wolf!
The wall freezes the spiny frog!
The spiny frog seems to slow down.
The spiny frog stings you.
* * * LOW HITPOINT WARNING * * *
The wall freezes the bullfrog.
The bullfrog seems to slow down.
The bullfrog barely misses you.
The wall freezes the spiny frog.
The spiny frog barely misses you.
The wall freezes the wolf.
The wall freezes the crocodile.
The crocodile closely misses you.
The wall freezes the spiny frog!
The spiny frog seems to slow down.
The spiny frog closely misses you.
Aim: a spiny frog (lightly wounded)
You freeze the spiny frog!
The spiny frog seems to slow down.
The wall freezes the wolf.
The wall freezes the bullfrog.
The bullfrog hits you but does no damage.
The wall freezes the crocodile.
The crocodile bites you!
* * * LOW HITPOINT WARNING * * *
The wall freezes the spiny frog.
The spiny frog barely misses you.
The wall freezes the wolf!
Unknown command.
Aim: a spiny frog (heavily wounded, slow)
You freeze the spiny frog!
The spiny frog seems to slow down.
The wall freezes the wolf.
The wall freezes the bullfrog!
The bullfrog seems to slow down.
The bullfrog hits you but does no damage.
The wall freezes the spiny frog.
The spiny frog seems to slow down.
The spiny frog stings you!!
* * * LOW HITPOINT WARNING * * *
The wall freezes the crocodile!
The crocodile seems to slow down.
The crocodile closely misses you.
The wall freezes the spiny frog!
You kill the spiny frog!
Unknown command.
Aim: a bullfrog (almost dead, slow)
You freeze the bullfrog.
You kill the bullfrog!
The wall freezes the wolf.
You kill the wolf!
Your Ice Magic skill increases to level 11!
The wall freezes the spiny frog!
The spiny frog closely misses you.
The wall freezes the crocodile!
The crocodile bites you!
You die...
Your body crumbles into a pile of gold.

#.....# #.......#
#####.##### #####'###
#.....# #.# #########'##
#####.### ###..........#
#.......# ..'..........#
#.#####.# ###..........#
#.#.....#
#..........########.#.#.#
#..........##∩@$....#.#<#
#..........#∩Ft##.###.#.#
#..........'[####..<..#.#
#..........### ###.#####
########'### #.###
#.....# #...#
#####'####### #####'###
#...........####
#.......#
##...........'..#
#......[#


You could see a spiny frog (slow) and a crocodile (slow).

Vanquished Creatures
  Gastronok (D:8)
  A hydra (D:11)
  A two-headed ogre (D:11)
  A black mamba (Lair:1)
  A spiny frog (D:10)
  2 gargoyles
  2 tengu conjurers (D:12)
  A queen bee (D:9)
  2 trolls
  3 hornets
  4 slime creatures (D:12)
  A wyvern (D:9)
  16 yaks
  An acid dragon (D:11)
  A water moccasin (D:7)
  A porcupine (Lair:1)
  A soldier ant (D:12)
  5 orc warriors
  3 sky beasts
  2 ice beasts
  An eye of draining (D:9)
  4 black bears
  2 ogres
  A necrophage (D:5)
  A wolf (D:10)
  6 centaurs
  A crocodile (D:10)
  3 big kobolds
  6 bullfrogs
  A gnoll sergeant (D:9)
  5 scorpions
  17 killer bees (D:9)
  A water moccasin skeleton (D:9)
  2 wights (D:9)
  9 electric eels (D:9)
  3 howler monkeys
  5 crimson imps
  3 jellies
  2 quasits
  A bullfrog zombie (D:11)
  7 hounds
  7 orc priests
  A gnoll shaman (D:7)
  2 centaur skeletons
  4 orc wizards
  2 iguanas
  12 worker ants
  A worker ant zombie (D:6)
  A howler monkey zombie (D:5)
  6 gnolls
  10 adders
  A shadow imp (D:6)
  An ooze (D:7)
  An adder skeleton (D:7)
  7 worms
  2 dart slugs
  5 leopard geckos
  34 orcs
  A ball python (D:3)
  4 bats
  8 giant cockroaches
  10 goblins
  7 hobgoblins
  8 jackals
  6 quokkas
  A ball python skeleton (D:4)
  2 frilled lizards (D:1)
  A giant cockroach zombie (D:6)
  13 kobolds
  A quokka skeleton (D:7)
  A quokka zombie (D:5)
  12 rats
303 creatures vanquished.

Vanquished Creatures (collateral kills)
  An ugly thing (D:11)
  A wraith (D:11)
  A phantom (D:9)
  A wight (D:8)
  2 gnolls (D:9)
  An adder zombie (D:9)
  An orc (D:9)
8 creatures vanquished.

Vanquished Creatures (others)
  A plant (D:6)
1 creature vanquished.

Grand Total: 312 creatures vanquished

Notes
Turn   | Place    | Note
-------+----------+-------------------------------------------
     0 | D:1      | vurker the Mummy Ice Elementalist began the quest for the
                  | Orb.
     0 | D:1      | Reached XP level 1. HP: 13/13 MP: 4/4
   271 | D:1      | Reached skill level 3 in Spellcasting
   358 | D:1      | Reached XP level 2. HP: 19/20 MP: 3/6
   796 | D:2      | Reached skill level 1 in Fighting
   855 | D:2      | Reached XP level 3. HP: 26/26 MP: 5/8
  1135 | D:2      | Learned a level 3 spell: Frozen Ramparts
  1400 | D:2      | Reached skill level 4 in Spellcasting
  1596 | D:2      | Reached XP level 4. HP: 32/32 MP: 7/10
  3148 | D:4      | Reached XP level 5. HP: 31/38 MP: 7/12
  3307 | D:4      | Found a glowing drain.
  3315 | D:4      | Reached skill level 5 in Spellcasting
  3398 | Sewer    | Entered a sewer
  3481 | Sewer    | Reached XP level 6. HP: 46/46 MP: 9/14
  3583 | Sewer    | Found a white marble altar of Elyvilon.
  4040 | D:5      | Entered Level 5 of the Dungeon
  4295 | D:5      | Reached skill level 6 in Spellcasting
  4295 | D:5      | Reached skill level 5 in Ice Magic
  4385 | D:5      | Found a white marble altar of Elyvilon.
  4460 | D:5      | Reached XP level 7. HP: 28/52 MP: 6/16
  4530 | D:5      | Learned a level 4 spell: Hailstorm
  4535 | D:5      | Learned a level 4 spell: Summon Ice Beast
  5002 | D:5      | Found a large runed translucent door.
  5002 | D:5      | Found a large runed translucent door.
  5004 | D:5      | Noticed Cleanse's ghost (amateur TrMo)
  5151 | D:6      | Found a staircase to the Ecumenical Temple.
  5158 | D:6      | Reached skill level 1 in Conjurations
  5158 | D:6      | Reached skill level 1 in Summonings
  5170 | Temple   | Entered the Ecumenical Temple
  5644 | D:6      | Reached skill level 7 in Spellcasting
  5743 | D:6      | Found Yxteitt's General Store.
  6064 | D:6      | Reached XP level 8. HP: 42/58 MP: 12/18
  6731 | D:6      | Identified the +3 leather armour of Devotion {+Inv rN+}
  7530 | D:7      | Found an opulent altar of Gozag.
  7639 | D:7      | Reached skill level 8 in Spellcasting
  8046 | D:7      | Became a worshipper of Gozag Ym Sagoz the Greedy
  8075 | D:8      | Reached XP level 9. HP: 65/66 MP: 16/21
  8260 | D:8      | Identified a scroll of acquirement
  8572 | D:8      | Noticed Gastronok
  8585 | D:8      | Killed Gastronok
  8585 | D:8      | Reached skill level 5 in Fighting
  8585 | D:8      | Reached skill level 10 in Spellcasting
  8802 | D:8      | Reached XP level 10. HP: 76/76 MP: 8/24
  8995 | D:9      | Found a staircase to the Orcish Mines.
  9276 | D:9      | Found Kitsiem's Food Shop.
 10111 | D:9      | Reached skill level 11 in Spellcasting
 11272 | D:10     | Entered Level 10 of the Dungeon
 11743 | D:10     | Reached skill level 12 in Spellcasting
 11751 | D:10     | Reached XP level 11. HP: 58/84 MP: 7/27
 12009 | D:10     | Found a staircase to the Lair.
 12629 | D:11     | Noticed a seven-headed hydra
 12640 | D:11     | Killed a seven-headed hydra
 12875 | D:11     | Got a pair of smoking boots
 12886 | D:11     | Identified the +0 pair of boots "Idasiobe" {-Tele Int+5
                  | Stlth+} (You found it on level 11 of the Dungeon)
 12962 | D:11     | Noticed a two-headed ogre
 13422 | D:11     | Reached skill level 10 in Ice Magic
 13564 | D:11     | Noticed a brown ugly thing
 13591 | D:11     | Killed a two-headed ogre
 13685 | D:11     | Killed a brown ugly thing
 14476 | D:12     | Reached skill level 13 in Spellcasting
 14775 | D:12     | Found a runed translucent gate.
 14775 | D:12     | Found a runed translucent gate.
 14775 | D:12     | Found a runed translucent gate.
 14775 | D:12     | Noticed Okiesh's ghost (journeyman DrCj)
 15670 | D:12     | Noticed a deep elf mage
 15712 | D:10     | Bought a brightly glowing robe for 153 gold pieces
 15712 | D:10     | Identified the cursed +0 robe of Sidyi {rPois rF+} (You
                  | bought it in a shop on level 10 of the Dungeon)
 15776 | Lair:1   | Entered Level 1 of the Lair of Beasts
 15781 | Lair:1   | Reached XP level 12. HP: 71/94 MP: 20/29
 15855 | D:10     | HP: 4/94 [spiny frog (24)]
 15856 | D:10     | Slain by a crocodile

Illustrated notes

Levels and vault maps discovered:
D:1:      eino_arrival_cavern_b, layout_basic
D:2:      layout_rooms
D:3:      layout_basic
D:4:      layout_rooms, cheibrodos_sewer_entry_bend,
          corexii_item_surrounded_by_moat
D:5:      layout_basic, ebering_ghost_disaster_area, first_ration,
          elyvilon_altar_1
D:6:      layout_layer_cave, minmay_temple_entry_overgrown, serial_shops, shop
D:7:      layout_loops_ring, lemuel_doored_altar
D:8:      layout_basic, uniq_gastronok
D:9:      layout_basic, special_room [special_room_bee], serial_shops,
          nicolae_shop_waterfront
D:10:     layout_roguey, lair_entry_dummy
D:11:     layout_loops_ring
D:12:     layout_irregular_city, ebering_ghost_rock_garden, enter_bailey_8,
          hangedman_pestilent_swarm
Temple:   compressed_dpeg_triangle_lava_temple
Lair:1:   layout_regular_city, lemuel_fruit_fields, minmay_lair_oklob_chamber,
          uniq_harold

Skill      XL: |  1  2  3  4  5  6  7  8  9 10 11 12 |
---------------+-------------------------------------+-----
Spellcasting   | 3 4 5 6 7 8 10 12 13 | 13.4
Fighting       | 1 2 3 4 5 7 8 |  8.8
Ice Magic      | 4 5 6 7 9 10 11 | 11.0
Conjurations   | 1 3 |  3.0
Summonings     | 1 3 |  3.0
Dodging        | |  1.5
Stealth        | |  1.5

Action                   |  1- 3 |  4- 6 |  7- 9 | 10-12 || total
-------------------------+-------+-------+-------+-------++-------
Melee: Dagger            |     6 |       |       |       ||     6
       Short sword       |    10 |    21 |       |       ||    31
       Whip              |       |    16 |   104 |    95 ||   215
 Cast: Freeze            |    61 |    85 |    92 |    87 ||   325
       Frozen Ramparts   |       |    10 |    25 |    50 ||    85
       Hailstorm         |       |       |     7 |   123 ||   130
       Summon Ice Beast  |       |       |     3 |    20 ||    23
Invok: Call Merchant     |       |       |       |     3 ||     3
Evoke: Wand              |       |       |       |     1 ||     1
  Use: Scroll            |       |     4 |     7 |     2 ||    13
 Stab: Sleeping          |       |     4 |       |     1 ||     5
       Distracted        |       |       |     1 |     1 ||     2
Armor: Robe              |    17 |    17 |    57 |    72 ||   163
Dodge: Dodged            |    46 |    70 |   131 |   169 ||   416

Table legend:
 A = Non-vault XP
 B = Vault XP
 C = Vault XP percentage of total XP
 D = Non-vault monster count
 E = Vault monster count
 F = Vault count percentage of total count
                 A         B        C        D         E       F
            +---------+---------+-------+---------+---------+-------
      Total |   18893 |    3909 |  17.1 |     275 |      36 |  11.6
            +---------+---------+-------+---------+---------+-------
        D:1 |      18 |       0 |   0.0 |      12 |       0 |   0.0
        D:2 |      93 |       0 |   0.0 |      20 |       0 |   0.0
        D:3 |      80 |       0 |   0.0 |      28 |       0 |   0.0
        D:4 |     200 |      10 |   4.8 |      10 |       2 |  16.7
        D:5 |     461 |       0 |   0.0 |      14 |       0 |   0.0
        D:6 |     637 |       0 |   0.0 |      22 |       0 |   0.0
        D:7 |    1191 |       0 |   0.0 |      23 |       0 |   0.0
        D:8 |     927 |    1957 |  67.9 |      13 |       1 |   7.1
        D:9 |    2274 |    1390 |  37.9 |      45 |      18 |  28.6
       D:10 |    2815 |       0 |   0.0 |      28 |       0 |   0.0
       D:11 |    5638 |       0 |   0.0 |      26 |       0 |   0.0
       D:12 |    3878 |     446 |  10.3 |      31 |       4 |  11.4
     Lair:1 |     681 |       0 |   0.0 |       3 |       0 |   0.0
      Sewer |       0 |     106 | 100.0 |       0 |      11 | 100.0
            +---------+---------+-------+---------+---------+-------
